 Dungeon Crawl Stone Soup version 0.20-a0-629-gc37eb77 (webtiles) character file.

4487 krabocopter the Carver (level 10, -15/58 HPs)
             Began as a Vine Stalker Berserker on Feb 10, 2017.
             Was an Elder of Trog.
             Demolished by a death yak (17 damage)
             ... on level 8 of the Dungeon.
             The game lasted 00:18:33 (6009 turns).

krabocopter the Carver (Vine Stalker Berserker)     Turns: 6009, Time: 00:18:33

Health: -15/58     AC: 10    Str: 21    XL:     10   Next: 38%
Magic:  0/11       EV: 12    Int:  7    God:    Trog [****..]
Gold:   377        SH:  6    Dex: 19    Spells: 9/9 levels left

rFire    . . .     SeeInvis .   a - +0 falchion
rCold    . . .     Gourm    .   v - +0 leather armour
rNeg     . . .     Faith    .   y - +0 buckler
rPois    .         Spirit   +   k - +0 helmet
rElec    .         Reflect  .   J - +0 cloak
rCorr    .         Harm     .   E - +0 pair of gloves
MR       +....                  b - +0 pair of boots
Stlth    +.........             (no amulet)
Regen    0.6/turn               f - +3 ring of dexterity
                                D - +3 ring of protection

@: exhausted, slowed, very slow
A: fangs 3, regeneration 1, magic shield, antimagic bite, no potion heal 3, rot
immunity
a: Berserk, Trog's Hand, Brothers in Arms, Burn Spellbooks, Renounce Religion


You were on level 8 of the Dungeon.
You worshipped Trog.
Trog was greatly pleased with you.
You were hungry.

You visited 1 branch of the dungeon, and saw 8 of its levels.

You collected 377 gold pieces.

Inventory:

Hand Weapons
 a - a +0 falchion (weapon)
Missiles
 q - 64 bolts
 I - 9 silver tomahawks (quivered)
Armour
 b - a +0 pair of boots (worn)
 k - a +0 helmet (worn)
 v - a +0 leather armour (worn)
 y - a +0 buckler (worn)
 E - a +0 pair of gloves (worn)
 J - a +0 cloak (worn)
Jewellery
 f - a +3 ring of dexterity (right hand)
 h - an uncursed ring of teleportation
 j - an uncursed ring of protection from magic
 D - a +3 ring of protection (left hand)
 H - an uncursed ring of fire
 M - an uncursed ring of protection from magic
Wands
 A - a wand of confusion (6/48)
Scrolls
 e - 3 scrolls of noise {unknown}
 n - a scroll of enchant weapon {unknown}
 o - 3 scrolls of teleportation {unknown}
 r - 7 scrolls of identify
 w - a scroll of recharging
 x - a scroll of blinking {unknown}
 z - 2 scrolls of enchant armour {unknown}
 C - 4 scrolls of remove curse
 G - a scroll of fear {unknown}
Potions
 i - a potion of degeneration {unknown}
 l - a potion of flight {unknown}
 p - 4 potions of curing
 s - 4 potions of mutation {unknown}
 t - a potion of haste {unknown}
 B - 2 potions of might {unknown}
 F - a potion of brilliance {unknown}
 K - a potion of resistance {unknown}
 L - a potion of agility {unknown}
 N - a potion of heal wounds {unknown}
Books
 O - a book of Conjurations

   Spells                             Type                      Level
   a - Magic Dart                     Conjuration                  1
   b - Searing Ray                    Conjuration                  2
   c - Dazzling Spray                 Conjuration/Hexes            3
   d - Fulminant Prism                Conjuration/Hexes            4
   e - Force Lance                    Conjuration/Translocation    4
   f - Iskenderun's Mystic Blast      Conjuration                  4
   Trog disapproves of the use of such an item.
Comestibles
 c - 5 bread rations
 d - 9 chunks of flesh
 g - a royal jelly
 m - 7 fruits
 u - 2 meat rations


   Skills:
 + Level 9.0 Fighting
 * Level 9.6 Long Blades
 - Level 1.5 Armour
 - Level 1.5 Dodging
 - Level 5.1 Shields


You had 9 spell levels left.
You didn't know any spells.

Dungeon Overview and Level Annotations

Branches:
Dungeon (8/15)             Temple (0/1) D:7            Lair (0/6) D:8

Altars:
Elyvilon
Fedhas
Qazlal
Trog
Vehumet
The Shining One


Innate Abilities, Weirdness & Mutations

You have razor-sharp teeth.
Your natural rate of healing is unusually fast.
When hurt, damage is shared between your health and your magic reserves.
Your bite disrupts and absorbs the magic of your enemies.
Potions cannot restore your health.
You are immune to rotting.


Message History

You hit the death yak.
You bite the death yak, but do no damage.
The death yak is severely wounded.
The death yak closely misses you.
Your ogre hits the death yak with a giant club!!
The death yak dies!
Trog accepts your kill.
Your Fighting skill increases to level 9!
The death yak gores you!
You hit the death yak but do no damage.
You bite the death yak, but do no damage.
Your ogre hits the death yak with a giant club!
The death yak gores you!!
* * * LOW HITPOINT WARNING * * *
Your ogre hits the death yak with a giant club!!
The death yak gores you!
* * * LOW HITPOINT WARNING * * *
It was a potion of curing.
That felt strangely inert.
Your ogre closely misses the death yak.
The death yak gores you!!
You die...

...'.......# .(#
#.##.......###.###
#.##...........#
..##........##.#
.#####'####.#### .#
#....#....# #############
## ####.####.# #...........
#.# #.### #.#.......###
###.####..@####............
#...##....Y†......%........
#....#....O.###.....#......
#....#......# ##...#..>....
#....).###### #........#..
####...#### #..#..#.....
...........# #.#.........
#####....#.# #...........
#####....#.# #########...


You could see a death yak and a friendly ogre (berserk).

Vanquished Creatures
  2 two-headed ogres (D:8)
  A hippogriff (D:8)
  Duvessa (D:4)
  2 phantoms
  A sky beast (D:8)
  An orc warrior (D:8)
  3 ogres
  A centaur (D:5)
  3 bullfrogs
  A wyvern skeleton (D:6)
  Dowan (D:4)
  5 killer bees (D:7)
  3 scorpions
  2 crimson imps
  A centaur zombie (D:8)
  2 bullfrog zombies (D:5)
  5 hounds
  An orc wizard (D:8)
  2 orc priests
  Crazy Yiuf (D:7)
  2 centaur skeletons
  Terence (D:3)
  A worker ant (D:4)
  A hound zombie (D:7)
  3 hound skeletons
  A worker ant zombie (D:7)
  8 adders
  An ooze (D:2)
  An adder skeleton (D:5)
  5 worms
  2 dart slugs
  6 leopard geckos
  12 orcs
  2 giant cockroaches (D:1)
  4 goblins
  8 hobgoblins
  15 jackals
  2 quokkas
  A ball python (D:3)
  11 bats
  6 frilled lizards
  9 kobolds
  8 rats
149 creatures vanquished.

Vanquished Creatures (collateral kills)
  2 death yaks (D:8)
2 creatures vanquished.

Grand Total: 151 creatures vanquished

Notes
Turn   | Place    | Note
-------+----------+-------------------------------------------
     0 | D:1      | krabocopter the Vine Stalker Berserker began the quest for the Orb.
     0 | D:1      | Reached XP level 1. HP: 11/11 MP: 2/2
   314 | D:1      | Reached XP level 2. HP: 14/16 MP: 3/3
   653 | D:1      | Reached XP level 3. HP: 16/20 MP: 2/4
  1442 | D:2      | Reached ** piety under Trog
  1560 | D:2      | Gained mutation: Your natural rate of healing is unusually fast. [Vine Stalker growth]
  1560 | D:2      | Reached XP level 4. HP: 21/24 MP: 3/5
  2261 | D:3      | Reached XP level 5. HP: 26/29 MP: 6/6
  2594 | D:3      | Noticed Terence
  2606 | D:3      | Killed Terence
  2709 | D:3      | Reached *** piety under Trog
  3043 | D:4      | Noticed an ogre
  3048 | D:4      | Killed an ogre
  3048 | D:4      | Reached skill level 5 in Long Blades
  3048 | D:4      | Reached XP level 6. HP: 33/33 MP: 7/7
  3223 | D:4      | Reached XP level 7. HP: 38/38 MP: 8/8
  3290 | D:4      | Noticed Dowan
  3291 | D:4      | Noticed Duvessa
  3298 | D:4      | Killed Dowan
  3304 | D:4      | Killed Duvessa
  3521 | D:5      | Entered Level 5 of the Dungeon
  3587 | D:5      | Reached skill level 5 in Fighting
  3657 | D:5      | Found a white marble altar of Elyvilon.
  3856 | D:5      | Found a blossoming altar of Fedhas.
  3932 | D:5      | Reached skill level 1 in Shields
  3932 | D:5      | Gained mutation: You have razor-sharp teeth. [Vine Stalker growth]
  3932 | D:5      | Reached XP level 8. HP: 44/44 MP: 9/9
  4568 | D:6      | Found a radiant altar of Vehumet.
  4568 | D:6      | Found a bloodstained altar of Trog.
  4570 | D:6      | Found a stormy altar of Qazlal.
  5131 | D:7      | Reached XP level 9. HP: 47/50 MP: 10/10
  5159 | D:7      | Found a staircase to the Ecumenical Temple.
  5282 | D:7      | Found a glowing golden altar of the Shining One.
  5384 | D:7      | Found a runed door.
  5487 | D:7      | Noticed Crazy Yiuf
  5490 | D:7      | Paralysed by Crazy Yiuf for 6 turns
  5497 | D:7      | Killed Crazy Yiuf
  5591 | D:8      | Reached skill level 5 in Shields
  5643 | D:8      | Reached **** piety under Trog
  5656 | D:8      | Noticed a two-headed ogre
  5664 | D:8      | Killed a two-headed ogre
  5771 | D:8      | Found a stormy altar of Qazlal.
  5792 | D:8      | Noticed a two-headed ogre
  5799 | D:8      | Killed a two-headed ogre
  5799 | D:8      | Reached XP level 10. HP: 56/57 MP: 9/11
  5979 | D:8      | Found a staircase to the Lair.
  5983 | D:8      | Noticed a death yak
  5984 | D:8      | Noticed a death yak
  5985 | D:8      | Noticed a death yak
  6005 | D:8      | Killed a death yak
  6007 | D:8      | Killed a death yak
  6008 | D:8      | HP: 1/58 [death yak (10)]
  6009 | D:8      | Demolished by a death yak

Vault maps used:
D:1:      saegor_arrival_under_anarchy, minmay_misc_feat_more_columns
D:3:      uniq_terence
D:4:      first_bread, kennysheep_boxes, uniq_duvessa
D:5:      elyvilon_altar_3, old_standard_altar
D:6:      nicolae_overflow_hidden_temple
D:7:      overflow_temple_1_default, minmay_temple_entry_nine_rooms,
          uniq_crazy_yiuf_cottage
D:8:      dpeg_lair_monsters, grunt_qazlal_sundering

Skill      XL: |  1  2  3  4  5  6  7  8  9 10 |
---------------+-------------------------------+-----
Long Blades    | 3 4 5 6 9 |  9.6
Fighting       | 3 4 5 7 8 9 |  9.0
Shields        | 1 4 5 |  5.1
Armour         | |  1.5
Dodging        | |  1.5

Action                   |  1- 3 |  4- 6 |  7- 9 | 10-12 || total
-------------------------+-------+-------+-------+-------++-------
Melee: Falchion          |    82 |   122 |   240 |    29 ||   473
       Bite              |    25 |    58 |   128 |    19 ||   230
Invok: Berserk           |     3 |     3 |     6 |     1 ||    13
       Burn Spellbooks   |       |       |     1 |       ||     1
       Brothers in Arms  |       |       |       |     1 ||     1
  Use: Scroll            |     4 |     1 |       |       ||     5
       Potion            |       |       |       |     1 ||     1
 Stab: Sleeping          |     4 |     3 |     2 |       ||     9
  Eat: Chunk             |     5 |     8 |    12 |     2 ||    27
       Fruit             |       |       |     1 |       ||     1
Armor: Animal skin       |    27 |    16 |       |       ||    43
       Leather armour    |       |    23 |    83 |     6 ||   112
Dodge: Dodged            |    47 |    76 |    96 |    18 ||   237
Block: Buckler           |       |       |    56 |     8 ||    64
       Rpst.: Falchion   |    20 |    21 |    25 |     4 ||    70
